 Dungeon Crawl Stone Soup version 0.21.1-1-g345015f (webtiles) character file.

19364 prawnwizard the Cleaver (level 12, 0/110 HPs)
             Began as a Minotaur Berserker on June 27, 2018.
             Was an Elder of Trog.
             Slain by a sun demon (12 damage)
             ... on level 2 of the Orcish Mines.
             The game lasted 00:59:12 (8567 turns).

prawnwizard the Cleaver (Minotaur Berserker)        Turns: 8567, Time: 00:59:12

Health: 0/110      AC: 18    Str: 26    XL:     12   Next: 35%
Magic:  11/11      EV:  9    Int:  4    God:    Trog [****..]
Gold:   1173       SH: 14    Dex: 11    Spells: 11/11 levels left

rFire    . . .     SeeInvis .   e - +4 broad axe (flame)
rCold    . . .     Gourm    .   J - +0 shield
rNeg     . . .     Faith    .   k - +0 plate armour
rPois    .         Spirit   .   R - +0 hat
rElec    .         Reflect  +   (no cloak)
rCorr    .         Harm     .   f - +2 pair of gloves
MR       +....                  (no boots)
Stlth    ..........             h - +6 amulet of reflection
HPRegen  0.28/turn              v - ring of protection from magic
MPRegen  0.12/turn              C - ring of flight

@: lethally poisoned (0 -> -1), berserk cooldown, slowed, very slow
A: retaliatory headbutt, horns 2
a: Berserk, Trog's Hand, Brothers in Arms, Burn Spellbooks, Renounce Religion,
Evoke Flight


You were on level 2 of the Orcish Mines.
You worshipped Trog.
Trog was greatly pleased with you.
You were near starving.

You visited 2 branches of the dungeon, and saw 13 of its levels.

You collected 1173 gold pieces.

Inventory:

Hand Weapons
 e - a +4 broad axe of flaming (weapon)
 p - a +0 great mace of holy wrath
 x - a +2 flail of venom
 G - a +2 war axe of electrocution
Missiles
 a - 3 javelins of penetration (quivered)
 P - 5 javelins
Armour
 f - a +2 pair of gloves (worn)
 k - a +0 plate armour (worn)
 J - a +0 shield (worn)
 L - +0 acid dragon scales
 R - a +0 hat (worn)
Jewellery
 h - a +6 amulet of reflection (around neck)
 v - a ring of protection from magic (left hand)
 w - an uncursed amulet of regeneration
 C - a ring of flight (right hand)
Wands
 j - a wand of random effects (46)
 n - a wand of flame (27)
 A - a wand of disintegration (12)
 F - a wand of digging (16)
 K - a wand of iceblast (8)
 N - a wand of paralysis (6)
Scrolls
 b - 2 scrolls of enchant armour
 r - 2 scrolls of magic mapping
 s - 5 scrolls of remove curse
 t - 5 scrolls of immolation
 y - a scroll of enchant weapon
 z - 6 scrolls of teleportation
 M - a scroll of fear {unknown}
 O - a scroll of identify
Potions
 d - 4 potions of brilliance
 g - a potion of magic
 i - a potion of flight
 l - a potion of degeneration
 m - 3 potions of invisibility
 o - 3 potions of curing
 q - a potion of ambrosia
 B - 2 potions of lignification {unknown}
 D - a potion of might
 E - a potion of agility
 H - 3 potions of mutation
 I - a potion of cancellation
Miscellaneous
 u - a phial of floods
Comestibles
 c - 16 rations
 Q - 2 chunks of flesh


   Skills:
 + Level 11.2 Fighting
 * Level 14.8 Axes
 + Level 5.0 Throwing
 + Level 11.0 Armour
 + Level 10.0 Dodging


You had 11 spell levels left.
You didn't know any spells.

Dungeon Overview and Level Annotations

Branches:
Dungeon (11/15)            Temple (0/1) D:7             Orc (2/2) D:11
   Lair: D:8-11         Elf: Orc:2

Altars:
Dithmenos
Hepliaklqana
Kikubaaqudgha
Nemelex Xobeh
Okawaru
Xom
Zin

Shops:
Orc:2 [?%


Innate Abilities, Weirdness & Mutations

You reflexively headbutt those who attack you in melee.
You have a pair of horns on your head.


Message History

The sun demon hits you but does no damage.
Your troll completely misses the sun demon.
Your troll closely misses the sun demon.
Your troll claws the sun demon but does no damage.
Items here: ))))) †††† You feel a strong urge to attack something.
You are no longer berserk.
You are exhausted.
You feel yourself slow down.
Your troll misses the sun demon. x2
Your troll completely misses the sun demon.
Items here: )) [[ †† You feel sick.
Things that are here:
a flail; an orc corpse Your two-headed ogre goes berserk!
You are near starving!
The sun demon hits you!
* * * LOW HITPOINT WARNING * * *
You are engulfed in flames!
You die...

..#...............#.#####....
...........#....##.###.###...
......<.....#.....###∩.∩###..
....#.......###..###.....## .
.....#(#......#####..#.#..
......(.#......###........
..............###)))#.#.#..
........#....###.3)o.4.....
.......###..###.@#)#.....#.
....)...#..###..##T...#....
..........###.O###4..## ...
#........###..## ...## .
###......##..## ...##
##..........## ...##
#..........## ...#
##........## .#.# ##...#####
...#


You could see a sun demon, a red devil, an orc and a friendly two-headed ogre
(berserk).

Vanquished Creatures
  Gastronok (Orc:1)
  A stone giant (Orc:2)
  A hydra (D:11)
  Erica (D:11)
  3 two-headed ogres
  Urug (Orc:1)
  A sun demon (Orc:2)
  Pikel (D:8)
  A wolf spider zombie (D:10)
  A cyclops (D:11)
  An orc sorcerer (Orc:2)
  A merfolk (D:9)
  2 trolls
  A wyvern (D:11)
  6 yaks (D:11)
  2 hungry ghosts
  Edmund (D:5)
  Menkaure (D:5)
  A warg (Orc:2)
  A water moccasin (D:8)
  A hornet zombie (D:10)
  A phantom (D:7)
  2 black bears
  5 sky beasts
  3 wolves (D:11)
  8 orc warriors
  8 ogres
  4 centaurs
  A big kobold (D:9)
  6 bullfrogs
  A water moccasin zombie (D:9)
  4 scorpions
  21 killer bees
  4 howler monkeys
  7 crimson imps
  6 hounds
  A quasit (D:6)
  A bullfrog zombie (D:5)
  5 jellies
  16 orc priests
  A gnoll shaman (D:5)
  15 orc wizards
  2 centaur skeletons
  Jessica (D:2)
  2 bullfrog skeletons
  3 iguanas
  3 worker ants
  4 hound skeletons
  A worker ant zombie (D:6)
  8 gnolls
  11 adders
  A howler monkey skeleton (D:4)
  3 shadow imps
  2 oozes
  An adder zombie (D:8)
  An adder skeleton (D:9)
  A worm (D:5)
  2 dart slugs
  5 leopard geckos
  56 orcs
  7 bats
  A giant cockroach (D:4)
  4 hobgoblins
  18 jackals
  4 quokkas
  A ball python (D:6)
  8 frilled lizards
  A giant cockroach zombie (D:5)
  8 goblins
  11 kobolds
  A quokka skeleton (D:9)
  A quokka zombie (D:4)
  4 rats
  A butterfly (D:7)
327 creatures vanquished.

Vanquished Creatures (collateral kills)
  A two-headed ogre (D:7)
  An orc knight (Orc:2)
  Psyche (D:11)
  A troll (D:11)
  A hornet (D:11)
  4 yaks (D:11)
  A hungry ghost (D:11)
  An acid dragon (D:11)
  A water moccasin (D:11)
  5 orc warriors
  A crimson imp (D:7)
  4 orc priests
  3 orcs
25 creatures vanquished.

Vanquished Creatures (others)
  A centaur (D:10)
  An orc (D:8)
2 creatures vanquished.

Grand Total: 354 creatures vanquished

Notes
Turn   | Place    | Note
-------+----------+-------------------------------------------
     0 | D:1      | prawnwizard the Minotaur Berserker began the quest for the Orb.
     0 | D:1      | Reached XP level 1. HP: 19/19 MP: 0/0
   280 | D:1      | Reached skill level 4 in Axes
   280 | D:1      | Reached XP level 2. HP: 21/27 MP: 1/1
   718 | D:2      | Reached XP level 3. HP: 31/33 MP: 2/2
   840 | D:2      | Noticed Jessica
   843 | D:2      | Killed Jessica
  1060 | D:3      | Reached ** piety under Trog
  1065 | D:3      | Found a shadowy altar of Dithmenos.
  1072 | D:3      | Reached XP level 4. HP: 26/41 MP: 3/3
  1164 | D:3      | Reached skill level 5 in Axes
  1796 | D:4      | Reached XP level 5. HP: 47/47 MP: 4/4
  1833 | D:4      | Reached XP level 6. HP: 55/55 MP: 5/5
  1837 | D:4      | Reached skill level 5 in Fighting
  1837 | D:4      | Reached skill level 6 in Axes
  2269 | D:4      | Found a hazy altar of Hepliaklqana.
  2272 | D:4      | Found a glowing silver altar of Zin.
  2279 | D:4      | Reached *** piety under Trog
  2344 | D:4      | Noticed an orc warrior
  2350 | D:4      | Reached XP level 7. HP: 45/61 MP: 6/6
  2598 | D:4      | Reached skill level 7 in Axes
  2603 | D:4      | Reached skill level 5 in Armour
  2814 | D:5      | Entered Level 5 of the Dungeon
  2814 | D:5      | Noticed Menkaure
  2823 | D:5      | Killed Menkaure
  2990 | D:5      | Reached skill level 8 in Axes
  2990 | D:5      | Reached skill level 5 in Dodging
  2990 | D:5      | Reached XP level 8. HP: 58/70 MP: 7/7
  3185 | D:5      | Noticed Edmund
  3206 | D:5      | Killed Edmund
  3725 | D:5      | Reached **** piety under Trog
  3935 | D:5      | Reached skill level 9 in Axes
  4339 | D:6      | Reached XP level 9. HP: 78/79 MP: 8/8
  4360 | D:6      | Reached skill level 10 in Axes
  4679 | D:7      | Noticed a two-headed ogre
  4689 | D:7      | Killed a two-headed ogre
  4728 | D:7      | Found a staircase to the Ecumenical Temple.
  4846 | D:7      | Reached skill level 11 in Axes
  5102 | D:8      | Found an iron altar of Okawaru.
  5231 | D:8      | Found a shimmering altar of Xom.
  5231 | D:8      | Found a sparkling altar of Nemelex Xobeh.
  5334 | D:8      | Reached XP level 10. HP: 90/90 MP: 9/9
  5470 | D:8      | Noticed Pikel
  5483 | D:8      | Killed Pikel
  5691 | D:9      | Noticed a two-headed ogre
  5696 | D:9      | Killed a two-headed ogre
  5741 | D:9      | Reached skill level 12 in Axes
  5753 | D:9      | Found an ancient bone altar of Kikubaaqudgha.
  5802 | D:9      | Reached ***** piety under Trog
  5910 | D:9      | Received a gift from Trog
  6206 | D:9      | Reached skill level 1 in Throwing
  6249 | D:9      | Noticed a two-headed ogre
  6263 | D:9      | Killed a two-headed ogre
  6453 | D:9      | Reached XP level 11. HP: 56/99 MP: 10/10
  6578 | D:10     | Entered Level 10 of the Dungeon
  6583 | D:10     | Received a gift from Trog
  6810 | D:10     | Received a gift from Trog
  6818 | D:10     | Reached skill level 13 in Axes
  7005 | D:10     | Noticed a two-headed ogre
  7014 | D:10     | Killed a two-headed ogre
  7014 | D:10     | Reached skill level 10 in Fighting
  7277 | D:11     | Noticed a seven-headed hydra
  7289 | D:11     | Killed an 11-headed hydra
  7294 | D:11     | Found a staircase to the Orcish Mines.
  7359 | D:11     | Noticed Erica
  7360 | D:11     | Noticed Psyche
  7374 | D:11     | Killed Psyche
  7374 | D:11     | Reached skill level 10 in Armour
  7376 | D:11     | Killed Erica
  7744 | D:11     | Reached skill level 14 in Axes
  7747 | D:11     | Received a gift from Trog
  8043 | Orc:1    | Entered Level 1 of the Orcish Mines
  8049 | Orc:1    | Noticed Urug
  8058 | Orc:1    | Killed Urug
  8111 | Orc:1    | Noticed Gastronok
  8137 | Orc:1    | Killed Gastronok
  8137 | Orc:1    | Reached XP level 12. HP: 91/110 MP: 11/11
  8200 | Orc:2    | Entered Level 2 of the Orcish Mines
  8311 | Orc:2    | Noticed a stone giant
  8324 | Orc:2    | Killed a stone giant
  8336 | Orc:2    | Found Faesuun's Antique Armour Shop.
  8536 | Orc:2    | Found Caug's Magic Scroll Shoppe.
  8538 | Orc:2    | Found Paivisiq's Food Emporium.
  8544 | Orc:2    | Reached skill level 5 in Throwing
  8544 | Orc:2    | Reached skill level 10 in Dodging
  8567 | Orc:2    | Slain by a sun demon

Skill      XL: |  1  2  3  4  5  6  7  8  9 10 11 12 |
---------------+-------------------------------------+-----
Axes           | 4 5 6 8 9 11 12 14 | 14.8
Fighting       | 4 5 6 7 8 9 11 | 11.2
Armour         | 3 4 5 6 8 9 10 11 | 11.0
Dodging        | 3 4 5 6 7 8 9 10 | 10.0
Throwing       | 1 4 5 |  5.0

Action                   |  1- 3 |  4- 6 |  7- 9 | 10-12 || total
-------------------------+-------+-------+-------+-------++-------
Melee: Hand axe          |    66 |   100 |    64 |       ||   230
       Headbutt          |    11 |    12 |    46 |    62 ||   131
       Flail             |       |       |   229 |    19 ||   248
       War axe           |       |       |       |   301 ||   301
       Broad axe         |       |       |       |    60 ||    60
Invok: Berserk           |     1 |     2 |     7 |     8 ||    18
       Trog's Hand       |     1 |       |     2 |     1 ||     4
       Burn Spellbooks   |       |     1 |       |       ||     1
       Brothers in Arms  |       |       |     1 |     6 ||     7
Evoke: Wand              |       |     1 |       |       ||     1
  Use: Scroll            |     4 |     7 |     1 |    11 ||    23
       Potion            |       |       |       |     3 ||     3
 Stab: Distracted        |     1 |       |     1 |       ||     2
  Eat: Chunk             |       |     3 |    11 |    18 ||    32
       Ration            |       |     1 |     3 |     1 ||     5
Armor: Chain mail        |    26 |       |       |       ||    26
       Animal skin       |     9 |    12 |       |       ||    21
       Ring mail         |       |     7 |       |       ||     7
       Plate armour      |       |    70 |   179 |   165 ||   414
Dodge: Dodged            |    49 |    62 |   129 |    99 ||   339
Block: Other             |       |       |    69 |    16 ||    85
       Shield            |       |       |       |   199 ||   199
       Reflection        |       |       |       |    11 ||    11
